 Dungeon Crawl Stone Soup version 0.19.1 (webtiles) character file.

725 LORDOFBUTT the Conjurer (level 7, -1/36 HPs)
             Began as a High Elf Conjurer on Dec 21, 2016.
             Was an Initiate of Gozag.
             Slain by Grinder (4 damage)
             ... while paralysed by Grinder
             ... on level 5 of the Dungeon.
             The game lasted 00:08:58 (3561 turns).

LORDOFBUTT the Conjurer (High Elf Conjurer)         Turns: 3561, Time: 00:08:58

Health: -1/36      AC:  4    Str:  7    XL:     7   Next: 43%
Magic:  14/16      EV:  2    Int: 23    God:    Gozag
Gold:   259        SH:  0    Dex: 18    Spells: 3 memorised, 11 levels left

rFire  + . .     SeeInvis +     d - +1 hand axe (flame)
rCold  . . .     Gourm    .     a - +0 robe
rNeg   . . .     Faith    .     (no shield)
rPois  .         Spirit   .     f - +2 hat
rElec  .         Reflect  .     (no cloak)
rCorr  .         Harm     .     (no gloves)
MR     .....                    (no boots)
Stlth  ++........               g - amulet of regeneration
                                (no ring)
                                (no ring)

@: paralysed
A: see invisible, agile 1, clever 1, fire resistance 1, frail 1
a: Potion Petition, Call Merchant, Bribe Branch, Renounce Religion


You were on level 5 of the Dungeon.
You worshipped Gozag.
Gozag was aware of your devotion.
You were not hungry.

You visited 1 branch of the dungeon, and saw 5 of its levels.

You collected 329 gold pieces.
You paid 70 gold pieces to Gozag.

Inventory:

Hand Weapons
 d - a +1 hand axe of flaming (weapon)
 w - a +3 hand crossbow of flaming
Armour
 a - a +0 robe (worn)
 f - a +2 hat (worn)
Jewellery
 g - an amulet of regeneration (around neck)
Wands
 u - a wand of iceblast (8/15)
 y - a wand of random effects (29/48)
 D - a wand of flame (26/48)
Scrolls
 c - a scroll of amnesia {unknown}
 h - 6 scrolls of teleportation {unknown}
 j - a scroll of enchant armour {unknown}
 l - 4 scrolls of identify {unknown}
 m - a scroll of enchant weapon {unknown}
 o - a scroll of magic mapping {unknown}
 p - a scroll of immolation {unknown}
 v - a scroll of remove curse {unknown}
 x - a scroll of random uselessness {unknown}
 B - a scroll of recharging {unknown}
Potions
 e - 3 potions of curing {unknown}
 i - a potion of cure mutation {unknown}
 k - a potion of flight {unknown}
 n - a potion of invisibility {unknown}
 q - a potion of lignification {unknown}
 r - a potion of might {unknown}
 s - a potion of ambrosia {unknown}
 t - a potion of brilliance {unknown}
 C - 2 potions of heal wounds {unknown}
Books
 b - a book of Conjurations

   Spells                             Type                      Level
   a - Magic Dart                     Conjuration                  1
   b - Searing Ray                    Conjuration                  2
   c - Dazzling Spray                 Conjuration/Hexes            3
   d - Fulminant Prism                Conjuration/Hexes            4
   e - Iskenderun's Mystic Blast      Conjuration                  4
   f - Iskenderun's Battlesphere      Conjuration/Charms           5
 A - a book of Minor Magic

   Spells                             Type                      Level
   a - Magic Dart                     Conjuration                  1
   b - Blink                          Translocation                2
   c - Call Imp                       Summoning                    2
   d - Repel Missiles                 Charms/Air                   2
   e - Slow                           Hexes                        2
   f - Conjure Flame                  Conjuration/Fire             3
   g - Mephitic Cloud                 Conjuration/Poison/Air       3
Comestibles
 z - a bread ration


   Skills:
 + Level 2.4 Axes
 + Level 3.8 Dodging
 - Level 2.2 Stealth
 * Level 5.7 Spellcasting
 * Level 7.0 Conjurations


You had 11 spell levels left.
You knew the following spells:

 Your Spells              Type           Power        Failure   Level  Hunger
a - Magic Dart            Conj           ####         1%          1    None
b - Searing Ray           Conj           #####.       1%          2    None
c - Dazzling Spray        Conj/Hex       ###...       10%         3    #......


Dungeon Overview and Level Annotations

Branches:
Dungeon (5/15)             Temple (0/1) D:5

Altars:
Ashenzari
Cheibriados
Dithmenos
Gozag
Hepliaklqana
Kikubaaqudgha
Makhleb
Sif Muna
Xom
The Shining One

Annotations:
D:5 Grinder


Innate Abilities, Weirdness & Mutations

You have supernaturally acute eyesight. (SInv)
You are agile. (Dex +2)
Your mind is acute. (Int +2)
Your flesh is heat resistant. (rF+)
You are frail. (-10% HP)


Message History

Confirm with . or Enter, or press ? or * to list all spells.
Aiming: Searing Ray
Press: ? - help, Shift-Dir - straight line, f - Grinder
Aim: Grinder (moderately wounded)
The searing ray hits Grinder.
Grinder is moderately wounded.
Grinder says, "Wait up."
Grinder gestures at you.
You suddenly lose the ability to move!
Grinder hits you!
* * * LOW HITPOINT WARNING * * *
You writhe in agony.
* * * LOW HITPOINT WARNING * * *
Grinder blinks!
Grinder hits you but does no damage. Grinder hits you!
* * * LOW HITPOINT WARNING * * *
You writhe in agony.
You die...
Your body crumbles into a pile of gold.

#......# +......#
#......#.##.#
#####......#.##.#
#..........#.##.#
##.##.......#.##.#
##...##......#.##.#
#.....#......#.##.#
#..5@.#......#.##.#
#....!#...##.#.##.###
##...##...##.........
#.....#######.###.###
#?....# #.###.###
#.!...# #........
##...## #..##.### $
##_## ##.#..... ##
....##.


You could see Grinder.

Vanquished Creatures
  Sigmund (D:4)
  2 sky beasts
  A crimson imp (D:5)
  A bullfrog skeleton (D:3)
  2 iguanas
  3 orc wizards (D:3)
  A worker ant (D:5)
  Robin (D:2)
  3 gnolls (D:5)
  3 adders
  4 worms
  3 dart slugs
  3 leopard geckos
  5 orcs
  4 bats
  7 giant cockroaches
  10 goblins
  12 hobgoblins
  7 jackals (D:1)
  5 kobolds
  4 quokkas
  A ball python (D:4)
  4 frilled lizards
  A leopard gecko skeleton (D:4)
  10 rats
98 creatures vanquished.

Notes
Turn   | Place    | Note
-------+----------+-------------------------------------------
     0 | D:1      | LORDOFBUTT the High Elf Conjurer began the quest for the Orb.
     0 | D:1      | Reached XP level 1. HP: 11/11 MP: 4/4
   336 | D:1      | Reached XP level 2. HP: 17/17 MP: 0/6
   833 | D:1      | Reached XP level 3. HP: 21/21 MP: 0/8
   958 | D:1      | Reached skill level 5 in Conjurations
  1099 | D:1      | Found a glowing golden altar of the Shining One.
  1266 | D:2      | Reached XP level 4. HP: 27/27 MP: 0/10
  1270 | D:2      | Learned a level 2 spell: Searing Ray
  1274 | D:2      | Learned a level 3 spell: Dazzling Spray
  1486 | D:2      | Reached skill level 1 in Axes
  1791 | D:2      | Noticed Robin
  1799 | D:2      | Killed Robin
  1949 | D:3      | Reached XP level 5. HP: 14/31 MP: 1/11
  2410 | D:3      | Found a deep blue altar of Sif Muna.
  2706 | D:4      | Found an ancient bone altar of Kikubaaqudgha.
  2708 | D:4      | Reached XP level 6. HP: 36/36 MP: 6/13
  2711 | D:4      | Found an opulent altar of Gozag.
  2713 | D:4      | Found a burning altar of Makhleb.
  2714 | D:4      | Noticed a sky beast
  2721 | D:4      | Killed a sky beast
  2721 | D:4      | Reached skill level 6 in Conjurations
  2727 | D:4      | Gained mutation: You are agile. (Dex +2) [mutagenic meat]
  2728 | D:4      | Gained mutation: Your mind is acute. (Int +2) [mutagenic meat]
  2729 | D:4      | Gained mutation: You have supernaturally acute eyesight. (SInv) [mutagenic meat]
  2731 | D:4      | Gained mutation: You are frail. (-10% HP) [mutagenic meat]
  2732 | D:4      | Gained mutation: Your flesh is heat resistant. (rF+) [mutagenic meat]
  2805 | D:4      | Noticed Sigmund
  2815 | D:4      | Killed Sigmund
  2815 | D:4      | Reached skill level 5 in Spellcasting
  2815 | D:4      | Reached XP level 7. HP: 25/36 MP: 2/15
  2886 | D:4      | Found a snail-covered altar of Cheibriados.
  2929 | D:4      | Found a shattered altar of Ashenzari.
  2931 | D:4      | Found a shadowy altar of Dithmenos.
  2941 | D:4      | Found a shimmering altar of Xom.
  3183 | D:4      | Became a worshipper of Gozag Ym Sagoz the Greedy
  3255 | D:5      | Entered Level 5 of the Dungeon
  3398 | D:5      | Found a staircase to the Ecumenical Temple.
  3506 | D:5      | Reached skill level 7 in Conjurations
  3543 | D:5      | Noticed Grinder
  3544 | D:5      | Found a hazy altar of Hepliaklqana.
  3556 | D:5      | Paralysed by Grinder for 6 turns
  3561 | D:5      | Slain by Grinder

Skill      XL: |  1  2  3  4  5  6  7 |
---------------+----------------------+-----
Spellcasting   | 3 4 5 |  5.7
Conjurations   | 5 6 7 |  7.0
Axes           | 1 2 |  2.4
Dodging        | 3 |  3.8
Stealth        | |  2.2

Action                   |  1- 3 |  4- 6 |  7- 9 || total
-------------------------+-------+-------+-------++-------
Melee: Unarmed           |    15 |       |       ||    15
       Hand axe          |    49 |    26 |    34 ||   109
 Cast: Magic Dart        |    54 |    89 |    18 ||   161
       Searing Ray       |       |     5 |     4 ||     9
       Dazzling Spray    |       |     1 |     1 ||     2
 Stab: Sleeping          |     2 |       |       ||     2
       Distracted        |     1 |       |       ||     1
  Eat: Bread ration      |     1 |       |       ||     1
       Meat ration       |       |     1 |       ||     1
       Chunk             |       |     6 |       ||     6
Armor: Robe              |    13 |     9 |     8 ||    30
Dodge: Dodged            |    64 |    26 |    34 ||   124
